Unix NetHack Version 5.0.0-0 post-release - last build Jul 11 2026 15:18:16 (a5a7a23833b1ad5d30b1c6e96a93a978492a6348,branch:main).

Game began 2026-07-13 10:29:04, ended 2026-07-13 10:39:48.

GdeVolpiano, chaotic female elven Wizard

              ---
             --.--       ------
             |....--------.....
             -.|....)...))..)..
             .<|...--------....
             .--          |.... ...   --.
                          ---............
                            --.G@f)...)..
                             -...........
                             .... .....-
                             ...

GdeVolpiano the Conjurer  St:12 Dx:12 Co:11 In:20 Wi:11 Ch:11  Chaotic
Dlvl:3  $:20 HP:0(42) Pw:28(46) AC:9  Xp:5 T:1232 

Latest messages:
 The dwarf picks up 6 darts.
 Heliodore eats a gnome corpse.
 In what direction?
 The spell hits the dwarf!
 You kill the dwarf!
 Welcome to experience level 5.
 You learn more about your items by comparing them.
 C - an uncursed scroll labeled ZELGO MER (2 in total).
 There are several more objects here.
 What do you want to throw? [$H or ?*]
 In what direction?
 The crude dagger hits the gnome.
 You miss the gnome.
 You miss the gnome.
 The gnome wields a thonged club!
 The gnome secures the tether on the thonged club.
 You kill the gnome!
 A bear trap closes on your foot!
 L - a black gem.
 You are caught in a bear trap.
 You are caught in a bear trap.
 You are caught in a bear trap.
 You are caught in a bear trap.
 You are caught in a bear trap.
 The gnome lord puts on a hard hat.
 You are caught in a bear trap.
 You finally wriggle free.
 H - an uncursed crude dagger (at the ready).
 Heliodore misses the iguana.
 Heliodore misses the iguana.
 Your leg feels better.
 You hear some noises.
 You hear some noises in the distance.
 You hear some noises.
 You hear some noises in the distance.
 The gnome lord throws a stout spear!
 You are almost hit by a stout spear.
 In what direction?
 The crude dagger misses the gnome lord.
 The gnome lord wields a broad short sword!
 You feel more confident in your weapon skills.
 (Tip: use the #enhance command to advance them.)
 You hit the gnome lord.
 The gnome lord thrusts his broad short sword.
 The gnome lord hits!
 You hit the gnome lord.
 The gnome lord thrusts his broad short sword.
 The gnome lord hits!
 You die...
 Do you want your possessions identified? [ynq] (y)

Inventory:
 Coins    ('$')
  $ - 20 gold pieces
 Weapons  (')')
  y - a +0 elven dagger (weapon in right hand)
 Armor    ('[')
  b - an uncursed +0 cloak of magic resistance (being worn)
 Comestibles  ('%')
  G - 2 uncursed food rations
  A - an uncursed tripe ration
  p - an uncursed lichen corpse
 Scrolls  ('?')
  B - an uncursed scroll of amnesia
  C - 2 uncursed scrolls of identify
 Potions  ('!')
  g - an uncursed potion of healing
 Rings    ('=')
  s - an uncursed ring of slow digestion (on right hand)
  e - an uncursed ring of teleportation
 Wands    ('/')
  c - a wand of opening (0:4)
 Tools    ('(')
  o - an uncursed tooled horn
 Gems/Stones  ('*')
  L - an uncursed worthless piece of black glass
  K - a cursed worthless piece of blue glass
  J - an uncursed worthless piece of yellow glass

GdeVolpiano the Wizard's attributes:

Background:
 You were a Conjurer, a level 5 female elven Wizard.
 You were chaotic, on a mission for Anhur
 who was opposed by Ptah (lawful) and Thoth (neutral).
 You were right-handed.
 You were in the Gnomish Mines, on level 3.
 You entered the dungeon 1232 turns ago.
 You had 176 experience points, 144 more were needed to attain level 6.

Basics:
 You had 0 out of 42 hit points.
 You had 28 out of 46 energy points (spell power).
 Your armor class was 9.
 Your wallet contained 20 zorkmids.
 Autopickup was on for '$?!/="+' plus thrown, with exceptions.

Final Characteristics:
 Your strength was 12 (limit:18).
 Your dexterity was 12 (limit:18).
 Your constitution was 11 (limit:16).
 Your intelligence was 20 (limit:20).
 Your wisdom was 11 (limit:20).
 Your charisma was 11 (limit:18).

Final Status:
 You weren't hungry.
 You were unencumbered.
 You were wielding a dagger.
 You were unskilled in dagger and could have enhanced that.

Final Attributes:
 You were devoutly aligned.
 You were magic-protected.
 You were sleep resistant.
 You had infravision.
 You had slower digestion.
 You were warded.
 You were very unlucky.
 You are dead.

Miscellaneous:
 You didn't encounter any bones levels.
 Total elapsed playing time was 10 minutes and 43 seconds.

Major events:
 Turn
    1: GdeVolpiano the chaotic female elven Wizard entered the dungeon
  327: attained the rank of Conjurer (level 3)
  849: entered the Gnomish Mines
 1232: killed by a gnome lord

Spells:
 Name                 Level Category     Fail Retention
 force bolt             1   attack         0%  91%-100%
 jumping                1   escape         0%  76%-100%

Skills:
 Fighting Skills
   bare handed combat [Unskilled]
   riding             [Unskilled]
 Weapon Skills
   dagger             [Unskilled]
   knife              [Unskilled]
   axe                [Unskilled]
   short sword        [Unskilled]
   club               [Unskilled]
   mace               [Unskilled]
   quarterstaff       [Basic]
   polearms           [Unskilled]
   spear              [Unskilled]
   trident            [Unskilled]
   sling              [Unskilled]
   dart               [Unskilled]
   shuriken           [Unskilled]
 Spellcasting Skills
   attack spells      [Basic]
   healing spells     [Unskilled]
   divination spells  [Unskilled]
   enchantment spells [Basic]
   clerical spells    [Unskilled]
   escape spells      [Unskilled]
   matter spells      [Unskilled]

Voluntary challenges:
 Character rerolling was not enabled.
 You never genocided any monsters.
 You never polymorphed an object.
 You never changed form.
 You used no wishes.
Achievements:
 You attained the rank of Conjurer.
 You entered the Gnomish Mines.

 The Dungeons of Doom: levels 1 to 3
    Level 1:
       An altar, many fountains, many trees.
    Level 2:
       Stairs down to The Gnomish Mines.
    Level 3:
 The Gnomish Mines:
    Level 3: <- You were here.
       Final resting place for
          you, killed by a gnome lord.


Vanquished creatures:
  8 wood nymphs
  3 gnome leaders
  a dwarf
 an iguana
  a hobbit
  a brown mold
  a red mold
  5 gnomes
  2 jackals
  2 goblins
  2 grid bugs
  a lichen
  a kobold zombie
  3 newts
32 creatures vanquished.

No species were genocided or became extinct.

Game over:
                       ----------
                      /          \
                     /    REST    \
                    /      IN      \
                   /     PEACE      \
                  /                  \
                  |   GdeVolpiano    |
                  |      20 Au       |
                  |   killed by a    |
                  |    gnome lord    |
                  |                  |
                  |                  |
                  |       2026       |
                 *|     *  *  *      | *
        _________)/\\_//(\/(/\)/\//\/|_)_______

Goodbye GdeVolpiano the Wizard...

You died in The Gnomish Mines on dungeon level 3 with 822 points,
and 20 pieces of gold, after 1232 moves.
You were level 5 with a maximum of 42 hit points when you died.

